 Dungeon Crawl Stone Soup version 0.29.1-12-g30fa7ad0bf (webtiles) character file.

Game seed: 3531456071170122596

152 112233 the Digger (level 5, -6/33 HPs)
             Began as an Octopode Earth Elementalist on Dec 22, 2022.
             Mangled by a gnoll
             ... wielding a +0 flail
              (11 damage)
             ... on level 3 of the Dungeon.
             The game lasted 00:02:57 (4064 turns).

112233 the Digger (Octopode Earth Elementalist)     Turns: 4064, Time: 00:02:58

Health: -6/33      AC:  1    Str:  8    XL:     5   Next: 34%
Magic:  9/9        EV: 13    Int: 19    God:
Gold:   129        SH:  0    Dex: 12    Spells: 8/9 levels left

rFire   . . .      SeeInvis .   (no weapon)
rCold   . . .      Faith    .   (no shield)
rNeg    . . .      Spirit   .   (helmet restricted)
rPois   .          Reflect  .   (no amulet)
rElec   .          Harm     .   (no ring)
rCorr   .          Rampage  .   (no ring)
Will    .....                   (no ring)
Stlth   ++........              (no ring)
HPRegen 0.11/turn               (no ring)
MPRegen 0.11/turn               (no ring)
                                (no ring)
                                (no ring)

@: confused, ambrosia-drunk
A: almost no armour, amphibious, 8 rings, camouflage 1, gelatinous body 1,
(nimble swimmer 1), tentacles
a: no special abilities


You were on level 3 of the Dungeon.
You visited 1 branch of the dungeon, and saw 4 of its levels.

You collected 129 gold pieces.

Inventory:

Hand Weapons
 m - a +0 dagger of holy wrath
Jewellery
 g - an amulet of the acrobat
Scrolls
 b - 2 scrolls of amnesia {unknown}
 c - 2 scrolls of identify {unknown}
 f - a scroll of blinking {unknown}
 i - a scroll of vulnerability {unknown}
 j - 3 scrolls of fog {unknown}
 l - a scroll of torment {unknown}
Potions
 a - 2 potions of magic
 e - a potion of might {unknown}
 h - a potion of degeneration {unknown}
 k - a potion of haste {unknown}


   Skills:
 + Level 1.5 Fighting
 + Level 3.0 Dodging
 - Level 3.3 Stealth
 + Level 2.9 Spellcasting
 - Level 1.5 Transmutations
 + Level 3.8 Earth Magic


You had 8 spell levels left.
You knew the following spells:

 Your Spells              Type           Power      Damage    Failure   Level
a - Sandblast             Erth           34%        2d9       3%          1

Your spell library contained the following spells:

 Spells                   Type           Power      Damage    Failure   Level
 Passwall                 Tmut/Erth      10%        N/A       8%          2
 Magic Dart               Conj           8%         1d3       16%         1
 Stone Arrow              Conj/Erth      20%        3d8       21%         3
 Call Imp                 Summ           2%         N/A       24%         2
 Mephitic Cloud           Conj/Pois/Air  2%         N/A       43%         3
 Petrify                  Tmut/Erth      13%        N/A       45%         4
 Fireball                 Conj/Fire      1%         3d3       99%         5
 Starburst                Conj/Fire      1%         6d3       100%        6
 Ignition                 Fire           1%         3d3       100%        8


Dungeon Overview and Level Annotations

Branches:
Dungeon (4/15)             Temple (0/1) D:4

Altars:


Innate Abilities, Weirdness & Mutations

You cannot wear most types of armour.
You are amphibious.
You can wear up to eight rings at the same time.
Your skin changes colour to match your surroundings (Stealth+).
Your rubbery body absorbs attacks. (AC +1, EV +1)
((You are camouflaged when in or above water. (Stealth+)))
You have tentacles for arms and can constrict up to eight enemies at once.


Message History

Done waiting.
You climb downwards.
The centaur zombie hits you. The centaur zombie misses you.
The gnoll hits you with a +0 flail!
There is a stone staircase leading up, spattered with blood here.
You see here 2 throwing nets.
Unknown command.
Casting: Sandblast (safe; 3% risk of failure)
Confirm with . or Enter, or press ? or * to list all spells.
Aiming: Sandblast (safe; 3% risk of failure)
Press: ? - help, Shift-Dir - straight line, f - centaur zombie
Aim: a centaur zombie (100% to hit)
The blast of sand hits the centaur zombie!
The centaur zombie is moderately damaged.
The centaur zombie hits you. The centaur zombie kicks you.
The gnoll barely misses you. The centaur zombie hits you.
The centaur zombie closely misses you. The gnoll misses you.
The gnoll hits you with a +0 whip.
Unknown command.
Unknown command.
Unknown command.
Unknown command.
Unknown command.
Unknown command.
The centaur zombie misses you.
The centaur zombie closely misses you. x2
The centaur zombie kicks you but does no damage.
The gnoll closely misses you. The gnoll misses you.
You climb upwards.
There is a stone staircase leading down here.
Unknown command.
Unknown command.
The gnoll hits you with a +0 flail!
* * * LOW HITPOINT WARNING * * *
It was a potion of ambrosia.
You are confused.
You feel invigorated.
Unknown command.
You bump into the rock wall.
The gnoll hits you with a +0 whip.
* * * LOW HITPOINT WARNING * * *
The gnoll hits you with a +0 flail!
You die...

..###รท..##.##.# #.#.# #...#
......####.##.######.#.####.#.#
#####.####.##...............#.###
#..........#####.#...#..#....
#.#####........#.....#.......
#.....#.######.#..#..#.......
#.###.#.# ##.....#.....#.... #.#
#.#.####.#.#..#..#####... #.#
#.#.##..@#.#.....######## #.#
#.#.##..gg>.........# # #.#
#.#......#.#.....##.# # #.#
#.#..###.#.#.#.####.# # #.#
#.#.........##.# #.##### #.#
#......#######.# #.....#
#.###........### #.########..
#..............# #......# #..
#####.....##.#.###......# #..


You could see 2 gnolls.

Vanquished Creatures
  A gnoll (D:4)
  3 adders
  A river rat (D:3)
  3 worms (D:2)
  A dart slug (D:1)
  11 endoplasms
  14 giant cockroaches
  7 goblins
  3 hobgoblins
  8 jackals
  3 kobolds
  5 quokkas
  8 ball pythons
  9 bats
  3 frilled lizards
  A jackal skeleton (D:4)
  9 rats
90 creatures vanquished.

Vanquished Creatures (others)
  A plant (D:2)
1 creature vanquished.

Grand Total: 91 creatures vanquished

Notes
Turn   | Place    | Note
-------+----------+-------------------------------------------
     0 | D:1      | 112233 the Octopode Earth Elementalist began the quest for
                  | the Orb.
     0 | D:1      | Reached XP level 1. HP: 11/11 MP: 3/3
   119 | D:1      | Found a faded altar of an unknown god.
   187 | D:1      | Reached XP level 2. HP: 13/17 MP: 1/5
   767 | D:1      | Reached XP level 3. HP: 21/21 MP: 0/6
  1733 | D:2      | Reached XP level 4. HP: 22/27 MP: 3/7
  2314 | D:2      | Reached skill level 1 in Fighting
  3351 | D:3      | Reached XP level 5. HP: 33/33 MP: 7/9
  3846 | D:4      | Found a staircase to the Ecumenical Temple.
  4064 | D:3      | Mangled by a gnoll

Illustrated notes

Levels and vault maps discovered:
D:1:      minmay_arrival_hallway, layout_rooms,
          hellmonk_ecumenical_altar_arch_garden, serial_bayou,
          serial_bayou_pond_d, serial_bayou_pond_a, serial_bayou_pond_b,
          serial_bayou_pond_e, serial_bayou_crossing
D:2:      minmay_diamond_boxcup, layout_basic, serial_bayou,
          serial_bayou_pond_e, serial_bayou_shore_a, serial_bayou_pond_a,
          serial_bayou_pond_c, serial_bayou_pond_e
D:3:      layout_loops_ring, portal_sewer_entry_e, minmay_misc_feat_columns,
          hangedman_glass_teeth, minmay_unequal
D:4:      layout_gridville, temple_pool_b, serial_undead, serial_undead_b,
          serial_undead_a, serial_undead_c, serial_undead_e, serial_undead_f,
          serial_undead_a, minmay_small_thing

Skill      XL: |  1  2  3  4  5 |
---------------+----------------+-----
Stealth        | 3 |  3.3
Fighting       | 1 |  1.5
Dodging        | 3 |  3.0
Spellcasting   | |  2.9
Transmutations | |  1.5
Earth Magic    | |  3.8

Action                   |  1- 3 |  4- 6 || total
-------------------------+-------+-------++-------
Melee: Unarmed           |     8 |     4 ||    12
       Tentacles         |     4 |     3 ||     7
       Constrict         |     4 |     2 ||     6
 Cast: Sandblast         |    65 |    78 ||   143
  Use: Potion            |       |     1 ||     1
 Stab: Sleeping          |       |     1 ||     1
Armor: Skin              |     8 |     7 ||    15
Dodge: Dodged            |    31 |    39 ||    70
